[Event "Titled Tuesday Blitz March 29 Late 2022"]
[White "Shimanov, Aleksandr"]
[Black "Arabidze, Meri"]
[WhiteFideId "4198603"]
[BlackFideId "13604040"]
[WhiteElo "2636"]
[BlackElo "2335"]
[Result "1-0"]
[Round "04"]
[TimeControl "180+1"]
[Date "2022.03.29"]
[WhiteClock "0:00:08"]
[BlackClock "0:00:03"]

1. d4 f5 2. Bg5 Nf6 3. e3 d5 4. c4 e6 5. Nc3 c6 6. c5 Be7 7. Bxf6 Bxf6 8. f4 O-O 9. Nf3 b5 10. Bd3 a5 11. a3 Ba6 12. b4 Nd7 13. h3 Bh4+ 14. Kd2 Be7 15. g4 g6 16. g5 Ra7 17. h4 Kg7 18. h5 Rh8 19. Qc2 Bc8 20. Rh3 axb4 21. Ne2 Rxa3 22. Rxa3 bxa3 23. Qc3 a2 24. Qa3 Qc7 25. Qxa2 Bb7 26. hxg6 hxg6 27. Rxh8 Kxh8 28. Nc1 Qb8 29. Nb3 Kg7 30. Qa1 Qa8 31. Qh1 Qh8 32. Qg2 Bd8 33. Kc2 Bc7 34. Kb1 Qa8 35. Qh2 Qh8 36. Qg2 Qh5 37. Be2 Qh8 38. Ne1 Qa8 39. Nc2 Qa4 40. Kb2 Qa8 41. Nb4 Qh8 42. Nc1 Nb8 43. Ncd3 Nd7 44. Qg1 Nb8 45. Bf3 Nd7 46. Kc2 Nb8 47. Qa1 Qh2+ 48. Kc3 Qg3 49. Qh1 Na6 50. Qh6+ Kg8 51. Qxg6+ Kf8 52. Qf6+ Ke8 53. Bh5+ Kd7 54. Qf7+ Kc8 55. Qxe6+ Kb8 56. Nxa6+ Bxa6 57. Qxc6 b4+ 58. Nxb4 Qxe3+ 59. Kc2 Bc4 60. Qe8+ Qxe8 61. Bxe8 Bxf4 62. g6 Bh6 63. Nc6+ Kc7 64. Ne5 Bb5 65. Bxb5 1-0


[Site "https://www.chess.com"]

[Event "Titled Tuesday Blitz March 29 Late 2022"]
[White "Sliwicki, Damian"]
[Black "Bryakin, Mikhail"]
[WhiteFideId "1127128"]
[BlackFideId "4165314"]
[WhiteElo "2067"]
[BlackElo "2417"]
[Result "1/2-1/2"]
[Round "04"]
[TimeControl "180+1"]
[Date "2022.03.30"]
[WhiteClock "0:00:03"]
[BlackClock "0:02:31"]

1. e4 c5 2. Nf3 e6 3. d4 cxd4 4. Nxd4 a6 5. Nc3 Nc6 6. g3 Bc5 7. Nb3 Ba7 8. Bg2 Nge7 9. O-O O-O 10. Qh5 Ng6 11. Bg5 f6 12. Bd2 b5 13. Rad1 Qe7 14. Rfe1 Bb7 15. Be3 Bxe3 16. Rxe3 Nce5 17. Na5 Bc6 18. f4 Nc4 19. Nxc4 bxc4 20. Kh1 Qb4 21. f5 Ne5 22. b3 Rab8 23. g4 Qc5 24. Rh3 h6 25. Ne2 cxb3 26. cxb3 Rb4 27. Nf4 Rxe4 28. Ng6 Re8 29. Nxe5 Rxe5 30. Qxe8+ Kh7 31. Qg6+ Kg8 32. Qe8+ Kh7 33. Qg6+ Kg8 34. Qe8+ 1/2-1/2


[Site "https://www.chess.com"]

[Event "Titled Tuesday Blitz March 29 Late 2022"]
[White "Smirnov, Pavel"]
[Black "Reprintsev, Alexander"]
[WhiteFideId "4123425"]
[BlackFideId "14100541"]
[WhiteElo "2545"]
[BlackElo "2108"]
[Result "1/2-1/2"]
[Round "04"]
[TimeControl "180+1"]
[Date "2022.03.29"]
[WhiteClock "0:01:49"]
[BlackClock "0:01:02"]

1. d4 d5 2. c4 e5 3. dxe5 d4 4. Nf3 Nc6 5. Nbd2 a5 6. g3 Nge7 7. Bg2 Nf5 8. O-O h5 9. Ne4 h4 10. Bf4 Be7 11. g4 h3 12. Bh1 Nh4 13. Nxh4 Rxh4 14. f3 Bf5 15. Bg3 Bxe4 16. Bxh4 Bxh4 17. fxe4 Qg5 18. Bf3 O-O-O 19. Qc1 Qxe5 20. Kh1 Bg5 21. Qe1 Bf4 22. Qf2 g5 23. Rad1 Be3 24. Qg3 Bf4 25. Qf2 Be3 26. Qe1 Bf4 27. Rf2 Be3 28. Rf1 Bf4 29. Qf2 1/2-1/2


[Site "https://www.chess.com"]

[Event "Titled Tuesday Blitz March 29 Late 2022"]
[White "Spata, German"]
[Black "Janaszak, Dawid"]
[WhiteFideId "113026"]
[BlackFideId "1119206"]
[WhiteElo "2238"]
[BlackElo "2199"]
[Result "0-1"]
[Round "04"]
[TimeControl "180+1"]
[Date "2022.03.30"]
[WhiteClock "0:00:02"]
[BlackClock "0:00:30"]

1. Nf3 Nf6 2. b3 d6 3. d4 c5 4. e3 cxd4 5. Nxd4 g6 6. Be2 Bg7 7. O-O O-O 8. Bb2 Nc6 9. c4 Bd7 10. Nc3 a6 11. Qd2 Rb8 12. Rac1 Nxd4 13. Qxd4 b5 14. Nd5 Be6 15. Nxf6+ Bxf6 16. Qd2 Bxb2 17. Qxb2 Qa5 18. c5 dxc5 19. Rxc5 Rfd8 20. Rfc1 Rd2 21. R5c2 Rbd8 22. Bf1 Rxc2 23. Rxc2 Rd1 24. Qc3 Qxc3 25. Rxc3 b4 26. Rc2 Bf5 27. e4 Bxe4 28. Rc8+ Kg7 29. f4 Bd3 0-1


[Site "https://www.chess.com"]

[Event "Titled Tuesday Blitz March 29 Late 2022"]
[White "Stanisz, Patryk"]
[Black "Pourkashiyan, Atousa"]
[WhiteFideId "1123106"]
[BlackFideId "12502014"]
[WhiteElo "1876"]
[BlackElo "2247"]
[Result "0-1"]
[Round "04"]
[TimeControl "180+1"]
[Date "2022.03.30"]
[WhiteClock "0:00:05"]
[BlackClock "0:00:17"]

1. d4 Nf6 2. c4 e6 3. Nc3 Bb4 4. e3 O-O 5. Ne2 d5 6. a3 Be7 7. Ng3 c5 8. dxc5 Bxc5 9. b4 Be7 10. Bb2 a5 11. b5 Nbd7 12. cxd5 exd5 13. Nxd5 Nxd5 14. Qxd5 Bf6 15. Bd4 Bxd4 16. Qxd4 Nf6 17. Qxd8 Rxd8 18. Be2 Be6 19. O-O Rd2 20. Rfd1 Rb2 21. a4 g6 22. Bf3 Rc8 23. Bxb7 Rcc2 24. Rf1 Ng4 25. Rab1 Rxf2 26. Rxb2 Rxb2 27. Re1 Bb3 28. Ra1 Nxe3 29. Nf1 Nc2 30. Rc1 Bxa4 31. Bc6 Nb4 32. Ra1 Ra2 33. Rxa2 Nxa2 34. Ne3 Nc3 35. Nc4 Bxb5 36. Bxb5 Nxb5 37. Nxa5 f5 38. Nc4 Kg7 39. Kf2 Kf6 40. Ne3 Nd4 41. g3 g5 42. Nd5+ Ke5 43. Ne3 h5 44. Nc4+ Ke4 45. Nd6+ Ke5 46. Nf7+ Kf6 47. Nd6 Ne6 48. Nc4 Nc5 49. Nd6 Ne4+ 50. Nxe4+ fxe4 51. Ke3 Ke5 52. h3 Kd5 53. h4 g4 54. Kf4 Kd4 55. Kg5 e3 56. Kxh5 e2 57. Kxg4 e1=Q 58. Kg5 Qe5+ 59. Kg4 Qg7+ 60. Kf4 Qf6+ 61. Kg4 Ke5 62. h5 Qf5+ 63. Kh4 Qf6+ 64. Kg4 Qg7+ 65. Kh4 Kf5 66. Kh3 Qg4+ 67. Kg2 Qxh5 68. Kf2 Qg4 0-1


[Site "https://www.chess.com"]

[Event "Titled Tuesday Blitz March 29 Late 2022"]
[White "Storey, Charles H"]
[Black "Terrieux, Kevin"]
[WhiteFideId "406686"]
[BlackFideId "622591"]
[WhiteElo "2263"]
[BlackElo "2482"]
[Result "0-1"]
[Round "04"]
[TimeControl "180+1"]
[Date "2022.03.30"]
[WhiteClock "0:00:20"]
[BlackClock "0:00:15"]

1. e4 c5 2. Nf3 e6 3. b3 Nc6 4. Bb2 d5 5. Nc3 d4 6. Ne2 e5 7. Ng3 Be6 8. Bc4 g6 9. Bxe6 fxe6 10. d3 Bh6 11. Bc1 Bf4 12. Bxf4 exf4 13. Ne2 e5 14. c3 dxc3 15. Nxc3 Nf6 16. Rc1 O-O 17. O-O b6 18. a3 a5 19. Nb5 Qd7 20. Qc2 Rad8 21. Rfd1 h6 22. Qc3 Rfe8 23. h3 g5 24. b4 axb4 25. axb4 Nxb4 26. Nxe5 Qxb5 27. Qb3+ Nfd5 28. Ng4 Qc6 29. exd5 Nxd5 30. d4 h5 31. Ne5 Qe6 32. Nf3 g4 33. Re1 Qf7 34. Ne5 Qf5 35. Nc6 Rc8 36. Rxe8+ Rxe8 37. dxc5 gxh3 38. Qxh3 Qxh3 39. gxh3 bxc5 40. Rxc5 Nf6 41. Rf5 Ne4 42. Rxf4 Re6 43. Nd4 Nc3 44. Nf5 Ne2+ 45. Kh2 Nxf4 46. Nd4 Re4 47. Nf3 Ra4 48. Ng5 Ra1 49. Ne6 Nxe6 50. Kg3 Ra4 51. f3 h4+ 52. Kg2 Nf4+ 53. Kf1 Ra2 54. Ke1 Kf7 55. Kd1 Ke6 56. Kc1 Rh2 57. Kb1 Kd5 0-1


[Site "https://www.chess.com"]

[Event "Titled Tuesday Blitz March 29 Late 2022"]
[White "Suder, Jakub"]
[Black "Bordi, Kevin"]
[WhiteFideId "1195310"]
[BlackFideId "621862"]
[WhiteElo "2058"]
[BlackElo "2803"]
[Result "0-1"]
[Round "04"]
[TimeControl "180+1"]
[Date "2022.03.29"]
[WhiteClock "0:00:05"]
[BlackClock "0:00:03"]

1. d4 d5 2. c4 c6 3. cxd5 cxd5 4. Bg5 Nf6 5. Bxf6 gxf6 6. Nc3 Nc6 7. e3 Qb6 8. Qd2 e6 9. Bd3 f5 10. f4 Bd7 11. Nf3 Bg7 12. O-O O-O 13. h3 Rac8 14. g4 Ne7 15. Kh2 Qd6 16. Rg1 fxg4 17. Rxg4 f5 18. Rg2 Ng6 19. Rag1 Kh8 20. Qf2 Rg8 21. Ng5 Qe7 22. Nxh7 Bxd4 23. Ng5 Bf6 24. Qf3 Rg7 25. Nxe6 Qxe6 26. Rxg6 Be8 27. Rh6+ Kg8 28. Nxd5 Rxg1 29. Nxf6+ Kg7 30. Rh7+ Kxf6 31. Qxb7 Rcc1 32. Bc4 Rh1+ 33. Kg2 Bc6+ 34. Bd5 Qxd5+ 35. Kf2 Qf3# 0-1


[Site "https://www.chess.com"]

[Event "Titled Tuesday Blitz March 29 Late 2022"]
[White "Szente Varga, Fruzsina"]
[Black "Omariev, Maksim"]
[WhiteFideId "712264"]
[BlackFideId "4193423"]
[WhiteElo "1994"]
[BlackElo "2509"]
[Result "0-1"]
[Round "04"]
[TimeControl "180+1"]
[Date "2022.03.30"]
[WhiteClock "0:00:15"]
[BlackClock "0:00:17"]

1. e4 c5 2. Nf3 d6 3. d4 cxd4 4. Qxd4 a6 5. c4 Nc6 6. Qd3 Nf6 7. Nc3 g6 8. Be2 Bg7 9. O-O O-O 10. h3 Nd7 11. Be3 Nc5 12. Qb1 b6 13. Rd1 Bb7 14. a3 Nb3 15. Ra2 Rc8 16. Qc2 Nca5 17. Nd5 Bxd5 18. exd5 b5 19. c5 dxc5 20. a4 c4 21. axb5 axb5 22. Bg5 Qd6 23. Bh4 Rfd8 24. Bg3 Qb6 25. Qe4 Rd7 26. Ne5 Bxe5 27. Bxe5 Rcd8 28. Bc3 b4 29. Bd4 Nxd4 30. Rxd4 Nb3 31. Rd1 c3 32. bxc3 bxc3 33. Rc2 Nd2 34. Qf4 Qb3 35. Rdc1 Nb1 36. Bf3 Rd6 37. h4 h5 38. Qg5 Kh7 39. Qxe7 R8d7 40. Qg5 Rc7 41. g4 hxg4 42. Bxg4 Na3 43. Re2 c2 44. h5 Qb1 45. hxg6+ Rxg6 46. Qh4+ Kg7 47. Ree1 Rc4 48. f3 Qb6+ 49. Qf2 Qxf2+ 50. Kxf2 Rd4 51. Re3 Rd1 52. Re1 Rd2+ 53. Ke3 Rxd5 54. Ke4 Rd2 55. Re3 Rd1 56. Re1 Rxe1+ 57. Rxe1 Rd6 58. Rc1 Rd1 59. Rxc2 Nxc2 60. f4 Rd4+ 61. Kf3 f6 62. Bf5 Nb4 63. Ke3 Rc4 64. Be4 Rc5 65. f5 Rc7 66. Kf4 Na6 67. Bd5 Nc5 68. Bc4 Nd7 69. Be6 Ne5 70. Ke4 Kf8 71. Kf4 Ke7 72. Kg3 Kd6 73. Kh4 Rc3 74. Kh5 Ke7 75. Kh4 Rc1 0-1


[Site "https://www.chess.com"]

[Event "Titled Tuesday Blitz March 29 Late 2022"]
[White "Szpar, Milosz"]
[Black "Sztokbant, Bernardo Vainzoff"]
[WhiteFideId "1184989"]
[BlackFideId "2115956"]
[WhiteElo "2447"]
[BlackElo "2237"]
[Result "1-0"]
[Round "04"]
[TimeControl "180+1"]
[Date "2022.03.30"]
[WhiteClock "0:00:54"]
[BlackClock "0:00:05"]

1. e4 c5 2. d4 cxd4 3. c3 d5 4. exd5 Qxd5 5. Nf3 Nc6 6. cxd4 Bg4 7. Be2 e6 8. Nc3 Qd8 9. O-O Nf6 10. h3 Bh5 11. Be3 Bd6 12. Qb3 Qe7 13. Rfe1 O-O 14. Rad1 Nb4 15. Bg5 Bg6 16. Rd2 Rac8 17. a3 Nc6 18. d5 Na5 19. Qa4 b6 20. dxe6 fxe6 21. Ba6 Rcd8 22. b4 Nb7 23. Nd5 Qf7 24. Nxf6+ gxf6 25. Bh6 Rfe8 26. Qc6 Re7 27. Bxb7 Rc7 28. Rxd6 Rxd6 29. Qxd6 Rxb7 30. Qd8+ Qe8 31. Qxf6 Bh5 32. Rxe6 Qf7 33. Qd8+ 1-0


[Site "https://www.chess.com"]

[Event "Titled Tuesday Blitz March 29 Late 2022"]
[White "Tanenbaum, Zachary"]
[Black "Prohorov, Olexandr"]
[WhiteFideId "2060850"]
[BlackFideId "14105578"]
[WhiteElo "2168"]
[BlackElo "1993"]
[Result "0-1"]
[Round "04"]
[TimeControl "180+1"]
[Date "2022.03.30"]
[WhiteClock "0:00:15"]
[BlackClock "0:00:14"]

1. e4 c5 2. Nf3 d6 3. d4 cxd4 4. Nxd4 Nf6 5. Nc3 a6 6. Be3 g6 7. f3 Bg7 8. g4 h5 9. g5 Nfd7 10. Qd2 Nc6 11. O-O-O O-O 12. f4 Qa5 13. Kb1 Nxd4 14. Bxd4 e5 15. Be3 exf4 16. Bxf4 Nc5 17. Nd5 Qxd2 18. Rxd2 Nxe4 19. Re2 Bg4 20. Re3 Nf2 21. Rg1 Rfe8 22. Ne7+ Kh7 23. Bd3 Nxd3 24. cxd3 Rad8 25. Rge1 Rd7 26. Nd5 Re6 27. Rxe6 fxe6 28. Nb6 Rd8 29. Rc1 Bf5 30. Rc7 Bxd3+ 31. Kc1 Be4 32. Nc4 e5 33. Be3 Bc6 34. Na5 Rd7 35. Rc8 d5 36. Nb3 d4 37. Bd2 e4 38. Nc5 Rf7 39. Ne6 Rf1+ 40. Kc2 e3 41. Bb4 Be4+ 42. Kb3 Rf7 43. Re8 e2 44. Ka3 d3 45. Nd4 Bd5 46. Nxe2 dxe2 47. Rxe2 a5 48. Bxa5 Bc6 49. Bb4 Rf3+ 50. b3 Rf7 51. Re7 Rxe7 52. Bxe7 Be5 53. h4 Bg3 54. Kb4 Bxh4 55. a4 Be1+ 56. Kc5 h4 57. Bd6 h3 58. a5 Bg2 59. b4 Kg8 60. b5 Bf2+ 61. Kc4 Kf7 62. Be5 Ke6 63. Bc7 Kd7 64. Bb8 Bg1 65. Kb4 h2 66. Bxh2 Bxh2 67. Kc5 Bg1+ 68. Kb4 Kc7 69. a6 bxa6 70. bxa6 Kb6 71. Kc4 Kxa6 72. Kd3 Bh2 73. Ke2 Bf4 74. Kf2 Be4 75. Kg1 Bxg5 76. Kh2 Kb5 77. Kh3 Kc5 78. Kg4 Bf6 79. Kf4 Bf5 80. Kg3 Kd5 81. Kf4 Kd4 82. Kg3 Ke3 83. Kh2 g5 84. Kg3 Be5+ 85. Kg2 g4 86. Kh1 Kf3 87. Kg1 g3 88. Kf1 g2+ 89. Kg1 Bd4+ 90. Kh2 g1=Q# 0-1


[Site "https://www.chess.com"]

[Event "Titled Tuesday Blitz March 29 Late 2022"]
[White "Tarigan, Gilbert Elroy"]
[Black "Lewicki, Miroslaw"]
[WhiteFideId "7108133"]
[BlackFideId "1113380"]
[WhiteElo "1908"]
[BlackElo "2283"]
[Result "1-0"]
[Round "04"]
[TimeControl "180+1"]
[Date "2022.03.30"]
[WhiteClock "0:00:18"]
[BlackClock "0:00:02"]

1. e4 c5 2. Nf3 d6 3. d4 cxd4 4. Nxd4 Nf6 5. Nc3 a6 6. g3 g6 7. Bg2 Bg7 8. O-O O-O 9. a4 Qc7 10. h3 Nc6 11. Be3 Bd7 12. Re1 Ne5 13. Kh2 Rac8 14. f4 Nc4 15. Bc1 e5 16. Nde2 b5 17. b3 b4 18. Na2 Na3 19. c4 exf4 20. Nxf4 Bc6 21. Nxb4 g5 22. Nxc6 gxf4 23. Bxf4 Qxc6 24. e5 Qc5 25. exf6 Bxf6 26. Ra2 Rfd8 27. Qd2 a5 28. Rf1 Qb4 29. Qd3 Bg7 30. Bd2 Qc5 31. Be3 Qb4 32. Bd5 Rb8 33. Rxf7 Qxb3 34. Rb7+ Kh8 35. Rxb3 1-0


[Site "https://www.chess.com"]

[Event "Titled Tuesday Blitz March 29 Late 2022"]
[White "Theodorou, Nikolas"]
[Black "Fishbein, Alexander"]
[WhiteFideId "4262875"]
[BlackFideId "2000377"]
[WhiteElo "2472"]
[BlackElo "2442"]
[Result "0-1"]
[Round "04"]
[TimeControl "180+1"]
[Date "2022.03.29"]
[WhiteClock "0:00:00"]
[BlackClock "0:00:10"]

1. e4 c5 2. d4 cxd4 3. c3 dxc3 4. Nxc3 Nc6 5. Nf3 e6 6. Bf4 Bb4 7. Bd3 Nge7 8. O-O Ng6 9. Bg3 a6 10. h4 d6 11. a3 Bxc3 12. bxc3 Nge5 13. Be2 O-O 14. Nd4 Qe7 15. Qd2 Bd7 16. Rad1 Rfd8 17. f4 Nxd4 18. cxd4 Nc6 19. f5 exf5 20. exf5 Nxd4 21. Bg4 Nc6 22. f6 Qe4 23. Bh5 Ne5 24. Rde1 Qd3 25. Qg5 Ng6 26. fxg7 Bc6 27. Rf2 Re8 28. Ref1 Qd5 29. Qf6 Qe6 30. Qxf7+ Qxf7 31. Rxf7 Bd5 32. Rc7 Re7 33. Rxe7 Nxe7 34. Bxd6 Ng6 35. Bxg6 Kxg7 36. Bf5 Rd8 37. Be5+ Kg8 38. Rf4 Re8 39. Bd4 Re1+ 40. Kf2 Re7 41. Rg4+ Kf7 42. Rg7+ Ke8 43. Rxe7+ Kxe7 0-1


[Site "https://www.chess.com"]

[Event "Titled Tuesday Blitz March 29 Late 2022"]
[White "Tiarks, Jann-Christian"]
[Black "Baches Garcia, Guillermo"]
[WhiteFideId "12951595"]
[BlackFideId "2209764"]
[WhiteElo "2176"]
[BlackElo "2480"]
[Result "0-1"]
[Round "04"]
[TimeControl "180+1"]
[Date "2022.03.30"]
[WhiteClock "0:00:36"]
[BlackClock "0:00:27"]

1. e4 c5 2. c3 d5 3. exd5 Qxd5 4. d4 Nc6 5. Nf3 Bg4 6. Be2 cxd4 7. cxd4 e6 8. Nc3 Bb4 9. O-O Qa5 10. d5 O-O-O 11. Qb3 exd5 12. a3 Be7 13. Bd2 Qb6 14. Qc2 Nf6 15. b4 Kb8 16. Na4 Nd4 17. Bf4+ Bd6 18. Bxd6+ Rxd6 19. Nxd4 Qxd4 20. Rad1 Qe4 21. Bd3 Bxd1 22. Rxd1 Qe7 23. Nc5 Rc8 24. Bf5 Re8 25. h3 g6 26. Bd3 Ne4 27. Bxe4 dxe4 28. Rxd6 Qxd6 29. Nxe4 Qc6 30. Qxc6 bxc6 31. Ng5 Re1+ 32. Kh2 Ra1 33. Nxh7 Rxa3 34. Ng5 f6 35. Nh7 f5 36. Nf8 g5 37. Ne6 Rb3 38. Nxg5 Rxb4 39. g3 a5 40. h4 a4 41. h5 a3 42. h6 a2 43. h7 a1=Q 44. Nf7 c5 45. h8=Q+ Qxh8+ 46. Nxh8 c4 47. Ng6 c3 48. Ne5 c2 49. Nd3 Rb3 50. Nc1 Rb1 51. Nd3 Rd1 0-1


[Site "https://www.chess.com"]

[Event "Titled Tuesday Blitz March 29 Late 2022"]
[White "Toncheva, Nadya"]
[Black "Svane, Rasmus"]
[WhiteFideId "2924056"]
[BlackFideId "4657101"]
[WhiteElo "1884"]
[BlackElo "2645"]
[Result "0-1"]
[Round "04"]
[TimeControl "180+1"]
[Date "2022.03.30"]
[WhiteClock "0:01:47"]
[BlackClock "0:02:05"]

1. e4 c6 2. d4 d5 3. Nc3 dxe4 4. Nxe4 Nf6 5. Nxf6+ exf6 6. c3 Bd6 7. Bd3 O-O 8. Ne2 Re8 9. Qc2 h5 10. Bd2 Nd7 11. O-O-O Nf8 12. Ng3 g6 13. Rde1 Be6 14. b3 b5 15. Ne4 a5 16. h3 a4 17. b4 f5 18. Bg5 fxe4 19. Bxd8 exd3 20. Qxd3 Raxd8 21. g4 h4 22. Re2 Bc4 23. Rxe8 Rxe8 24. Qd1 Re2 25. Re1 Rxa2 26. Qf3 Ra1+ 27. Kd2 Rxe1 28. Kxe1 a3 29. Qxc6 a2 30. Qa6 Bf4 31. Kd1 Bb3+ 32. Ke2 Bc1 0-1


[Site "https://www.chess.com"]

[Event "Titled Tuesday Blitz March 29 Late 2022"]
[White "Torres Hernandez, Leslie Carolin"]
[Black "Almagro Mazariegos, Sebastian"]
[WhiteFideId "8400504"]
[BlackFideId "2221640"]
[WhiteElo "1920"]
[BlackElo "2273"]
[Result "0-1"]
[Round "04"]
[TimeControl "180+1"]
[Date "2022.03.30"]
[WhiteClock "0:01:53"]
[BlackClock "0:01:39"]

1. e4 c5 2. Nf3 d6 3. Bb5+ Bd7 4. Bxd7+ Qxd7 5. O-O Nc6 6. c4 Nf6 7. Nc3 e6 8. d4 cxd4 9. Nxd4 Nxd4 10. Qxd4 a6 11. Bg5 Be7 12. Rac1 Rc8 13. b3 O-O 14. Rcd1 Rfd8 15. e5 Ne8 16. Bxe7 Qxe7 17. exd6 Nxd6 18. Qe5 f6 19. Qe3 e5 20. Nd5 Qf7 21. f4 Re8 22. fxe5 Rxe5 23. Qg3 Ne4 24. Qxe5 fxe5 25. Rxf7 Kxf7 26. Re1 Nf6 27. Rxe5 b5 28. cxb5 Rc1+ 29. Kf2 Ng4+ 0-1


[Site "https://www.chess.com"]

[Event "Titled Tuesday Blitz March 29 Late 2022"]
[White "Tregubov, Pavel V."]
[Black "Gatterer, Florian"]
[WhiteFideId "4115341"]
[BlackFideId "811688"]
[WhiteElo "2341"]
[BlackElo "2218"]
[Result "1-0"]
[Round "04"]
[TimeControl "180+1"]
[Date "2022.03.30"]
[WhiteClock "0:00:07"]
[BlackClock "0:00:01"]

1. e4 d6 2. d4 Nf6 3. Nc3 g6 4. Nf3 Bg7 5. Be2 O-O 6. O-O a6 7. Re1 Nc6 8. d5 Na7 9. h3 b5 10. Bf1 Bb7 11. a3 c6 12. Bf4 cxd5 13. exd5 Nc8 14. Nd4 Nxd5 15. Nxd5 Bxd5 16. Nxb5 Bb7 17. Nc3 Nb6 18. Qd2 Rc8 19. Bh6 Nc4 20. Bxc4 Rxc4 21. Bxg7 Kxg7 22. Re2 Qc7 23. Rae1 Re8 24. Re3 Kg8 25. b3 Rc5 26. R1e2 e6 27. Ne4 Bxe4 28. Rxe4 d5 29. Rh4 h5 30. Ra4 Rc6 31. Qd3 Rc8 32. Rxa6 Rc3 33. Qd2 Rxc2 34. Qxc2 Qxc2 35. Rxc2 Rxc2 36. a4 Rc1+ 37. Kh2 Rb1 38. Rb6 d4 39. a5 d3 40. a6 d2 41. a7 d1=Q 42. a8=Q+ Kg7 43. Qe4 Qe1 44. Qd4+ e5 45. Qd5 Qxf2 46. Qxe5+ Kh7 47. Rf6 Qg1+ 48. Kg3 Rxb3+ 49. Kh4 1-0


[Site "https://www.chess.com"]

[Event "Titled Tuesday Blitz March 29 Late 2022"]
[White "Tsukerman, Julia"]
[Black "Qashashvili, Alexandre"]
[WhiteFideId "2621649"]
[BlackFideId "13600842"]
[WhiteElo "2128"]
[BlackElo "2316"]
[Result "0-1"]
[Round "04"]
[TimeControl "180+1"]
[Date "2022.03.30"]
[WhiteClock "0:01:11"]
[BlackClock "0:01:16"]

1. e4 c6 2. d4 d5 3. exd5 cxd5 4. Bd3 Nc6 5. c3 Nf6 6. h3 g6 7. Nf3 Bf5 8. O-O Bxd3 9. Qxd3 Bg7 10. Re1 e6 11. Bf4 O-O 12. Nbd2 Rc8 13. Ne5 Nxe5 14. Bxe5 Nd7 15. Bxg7 Kxg7 16. Nf3 Qc7 17. Ne5 Nxe5 18. Rxe5 Qc4 19. Qxc4 Rxc4 20. Rae1 b5 21. R5e2 b4 22. Re3 Rfc8 23. cxb4 Rxb4 24. Ra3 Rxb2 25. Rxa7 Rcc2 26. Rf1 Rxa2 27. Rxa2 Rxa2 28. Rd1 f5 29. g3 Kf6 30. Kg2 g5 31. Kf3 h5 32. Rd3 Rb2 33. Rd1 Rb3+ 34. Kg2 Rc3 35. Rd2 g4 36. hxg4 fxg4 37. Rd1 Kf5 38. Re1 Rd3 39. Re5+ Kf6 40. Rxh5 Rxd4 41. Rh6+ Kf5 42. Rh5+ Kg6 43. Re5 Kf6 44. Re3 e5 45. f3 Rd2+ 46. Kf1 gxf3 47. Rxf3+ Kg5 48. Re3 e4 49. Ke1 Ra2 50. Kf1 Kf5 51. Ke1 d4 52. Rb3 e3 53. Rd3 Ke4 54. Rd1 Rg2 0-1


[Site "https://www.chess.com"]

[Event "Titled Tuesday Blitz March 29 Late 2022"]
[White "Van den Dikkenberg, Erik"]
[Black "Kazmaier, Daniel"]
[WhiteFideId "1005880"]
[BlackFideId "2606089"]
[WhiteElo "2118"]
[BlackElo "2383"]
[Result "0-1"]
[Round "04"]
[TimeControl "180+1"]
[Date "2022.03.30"]
[WhiteClock "0:01:55"]
[BlackClock "0:01:21"]

1. e4 e6 2. d4 d5 3. e5 c5 4. c3 Qb6 5. Nf3 Bd7 6. Bd3 Bb5 7. O-O Bxd3 8. Qxd3 c4 9. Qe3 Nc6 10. a4 Nge7 11. Qg5 h6 12. Qf4 Na5 13. Na3 a6 14. Qg3 Nf5 15. Qh3 Nb3 16. Rb1 Bxa3 17. bxa3 Qa5 18. g4 Ne7 19. Bg5 Ng6 20. Qh5 hxg5 21. Qxg5 Qxc3 22. Kg2 Nxd4 23. Nxd4 Qh3+ 24. Kg1 Qxh2# 0-1


[Site "https://www.chess.com"]

[Event "Titled Tuesday Blitz March 29 Late 2022"]
[White "Vasquez Schroeder, Rodrigo"]
[Black "Papasimakopoulos, Alexandros"]
[WhiteFideId "3400042"]
[BlackFideId "4244125"]
[WhiteElo "2561"]
[BlackElo "2340"]
[Result "1-0"]
[Round "04"]
[TimeControl "180+1"]
[Date "2022.03.29"]
[WhiteClock "0:00:51"]
[BlackClock "0:00:33"]

1. e4 e6 2. d4 d5 3. Nc3 Bb4 4. e5 b6 5. Bd2 Ne7 6. Nf3 Bxc3 7. Bxc3 Ba6 8. Bxa6 Nxa6 9. Qd3 Nb8 10. Bb4 Nf5 11. O-O Nd7 12. Bd2 h6 13. g3 c5 14. c3 Nb8 15. b4 O-O 16. h4 Nc6 17. Kg2 cxd4 18. cxd4 Rc8 19. Rac1 Qe7 20. a3 Rc7 21. b5 Na5 22. Bb4 Qd7 23. Bxf8 Kxf8 24. g4 Ne7 25. Nd2 Ng6 26. Qg3 Nc4 27. Nxc4 dxc4 28. h5 Ne7 29. a4 Qxd4 30. Rfd1 Qe4+ 31. Qf3 Qxf3+ 32. Kxf3 Nd5 33. Ke4 Rc5 34. Rd4 c3 35. Kd3 Ke7 36. Rc4 Rxc4 37. Kxc4 f6 38. Kd4 Nf4 39. Rc2 Nd5 40. Ke4 Kd7 41. f4 Ke7 42. f5 Kd7 43. Kd4 Ke7 44. Re2 Nf4 45. exf6+ Kxf6 46. Rf2 Kg5 47. fxe6 Nxe6+ 48. Kxc3 Nc5 49. Rf7 g6 50. Rg7 Kxg4 51. hxg6 Kg5 52. a5 bxa5 53. Rxa7 Kxg6 54. Kc4 Na4 55. Ra6+ Kf5 56. Rxh6 Nb2+ 57. Kc3 Na4+ 58. Kd4 1-0


[Site "https://www.chess.com"]

[Event "Titled Tuesday Blitz March 29 Late 2022"]
[White "Vine, Elzbieta"]
[Black "Sanchez, Robert"]
[WhiteFideId "1119320"]
[BlackFideId "2034360"]
[WhiteElo "1837"]
[BlackElo "2284"]
[Result "0-1"]
[Round "04"]
[TimeControl "180+1"]
[Date "2022.03.30"]
[WhiteClock "0:00:05"]
[BlackClock "0:01:04"]

1. e4 e6 2. d4 d5 3. e5 c5 4. c3 Nc6 5. Be3 Nge7 6. f4 Nf5 7. Bf2 cxd4 8. cxd4 Qb6 9. Nf3 Qxb2 10. Nbd2 Bb4 11. Rb1 Qxa2 12. Rxb4 Nxb4 13. Bb5+ Nc6 14. O-O O-O 15. g4 Nfe7 16. Bd3 Ng6 17. f5 Nf4 18. Bb1 Nh3+ 19. Kg2 Nxf2 20. Rxf2 Qa3 21. Ng5 h6 22. Rf3 Qb2 23. Rh3 hxg5 24. f6 g6 25. Rb3 Qxd4 26. Qf3 Qxd2+ 27. Kg3 Nxe5 0-1


[Site "https://www.chess.com"]

[Event "Titled Tuesday Blitz March 29 Late 2022"]
[White "Vovk, Orest"]
[Black "Jaracz, Pawel"]
[WhiteFideId "14113490"]
[BlackFideId "1102222"]
[WhiteElo "2471"]
[BlackElo "2718"]
[Result "0-1"]
[Round "04"]
[TimeControl "180+1"]
[Date "2022.03.30"]
[WhiteClock "0:00:05"]
[BlackClock "0:00:03"]

1. h4 h5 2. Nf3 f6 3. d4 Kf7 4. e4 e6 5. d5 Qe8 6. dxe6+ dxe6 7. Bc4 Nd7 8. Nc3 Bb4 9. O-O Bxc3 10. bxc3 Nh6 11. e5 Nf5 12. Re1 Nb6 13. Bb3 c5 14. Qd3 Kg6 15. Qe4 Bd7 16. exf6 gxf6 17. Bxe6 Bxe6 18. Qxe6 Qxe6 19. Rxe6 Rhe8 20. Rxe8 Rxe8 21. Bd2 Nc4 22. g3 Re6 23. Rb1 Re2 24. Rd1 Nfd6 25. Kf1 Re6 26. Bf4 Ne4 27. Rd7 Rb6 28. Re7 Nxc3 29. Rc7 Ne4 30. Ke2 Rb4 31. Be3 Ra4 32. Bxc5 b6 33. Bf8 Ne5 34. Nxe5+ fxe5 35. Rc6+ Kf5 36. Be7 Nc3+ 37. Kf1 Nd5 38. Kg2 Nxe7 39. Rc7 Nd5 40. Rd7 Nf6 41. Rf7 Rxa2 42. f3 Rxc2+ 43. Kh3 Rc3 44. Kg2 e4 45. fxe4+ Ke6 46. Rxa7 Nxe4 47. Ra6 Rxg3+ 48. Kh2 Rb3 49. Ra8 Kf5 50. Rf8+ Nf6 51. Rc8 b5 52. Rc5+ Kg4 53. Rc6 Ne4 54. Rg6+ Kxh4 55. Re6 Rb2+ 56. Kg1 Ng5 57. Re5 Kg4 58. Rc5 h4 59. Rd5 Nf3+ 60. Kh1 Rh2# 0-1


[Site "https://www.chess.com"]

[Event "Titled Tuesday Blitz March 29 Late 2022"]
[White "Vusatiuk, Vladimir"]
[Black "Almedina Ortiz, Edgardo J."]
[WhiteFideId "14118610"]
[BlackFideId "3100197"]
[WhiteElo "2157"]
[BlackElo "2217"]
[Result "1-0"]
[Round "04"]
[TimeControl "180+1"]
[Date "2022.03.30"]
[WhiteClock "0:00:29"]
[BlackClock "0:00:04"]

1. Nf3 d5 2. h4 Bf5 3. d3 h6 4. g3 e6 5. Bg2 Nf6 6. c4 c6 7. Qb3 Qb6 8. Be3 Qxb3 9. axb3 a6 10. Nc3 Nbd7 11. O-O Ng4 12. Bd2 Nc5 13. Nd4 Bh7 14. b4 e5 15. Nxc6 Nb3 16. Nxd5 bxc6 17. Nc7+ Kd7 18. Nxa8 Nxd2 19. Rfd1 Bxb4 20. Rxa6 e4 21. dxe4 Ke7 22. Ra7+ Ke6 23. Bh3 h5 24. Nc7+ Ke5 25. Ra4 1-0


[Site "https://www.chess.com"]